 Dungeon Crawl Stone Soup version 0.21-a0-41-g5e91fef (webtiles) character file.

199672 MackTheKnife the Severer (level 18, 0/154 HPs)
             Began as a Hill Orc Fighter on June 4, 2017.
             Was a High Priest of Hepliaklqana.
             Slain by an emperor scorpion (11 damage)
             ... on level 4 of the Spider Nest.
             The game lasted 01:21:56 (35151 turns).

MackTheKnife the Severer (Hill Orc Fighter)        Turns: 35151, Time: 01:21:56

Health: 0/154      AC: 18    Str: 24    XL:     18   Next: 48%
Magic:  28/28      EV:  9    Int:  8    God:    Hepliaklqana [*****.]
Gold:   2391       SH:  0    Dex: 16    Spells: 17/17 levels left

rFire    + . .     SeeInvis +   a - +7 broad axe (freeze)
rCold    + + .     Gourm    .   A - +2 shield {rC+}
rNeg     . . .     Faith    .   V - +0 swamp dragon scales
rPois    +         Spirit   .   N - +2 hat {SInv}
rElec    .         Reflect  .   I - scarf {rC+ rF+}
rCorr    .         Harm     .   y - +2 pair of gloves {Dex+3}
MR       ++...                  P - +0 pair of boots
Stlth    +.........             v - amulet of rage {+Rage, !d}
Regen    0.4/turn               C - ring of protection from magic {MR+, !d}
MPRegen  0.3/turn               D - +1 ring of protection

@: held
A: reduced essence
}: 1/15 runes: decaying
a: Recall Ancestor, Ancestor Identity, Transference, Idealise, Renounce
Religion, Evoke Berserk Rage


You were on level 4 of the Spider Nest.
You worshipped Hepliaklqana.
Hepliaklqana was extremely pleased with you.
You were not hungry.

You visited 7 branches of the dungeon, and saw 33 of its levels.

You collected 2996 gold pieces.
You spent 605 gold pieces at shops.

Inventory:

Hand Weapons
 a - a +7 broad axe of freezing (weapon)
   (You took it off Urug on level 1 of the Orcish Mines)
 b - the +3 war axe of Defenestration {flame, rElec rF+}
   (You found it on level 4 of the Dungeon)

   It has been specially enchanted to burn those struck by it, causing extra
   injury to most foes and up to half again as much damage against particularly
   susceptible opponents.
   Big, fiery blades are also staple armaments of hydra-hunters.
   It protects you from fire.
   It insulates you from electricity.
 S - a +0 blowgun
   (You took it off a spriggan on level 4 of the Lair of Beasts)
Missiles
 u - 2 curare-tipped needles
 T - 2 throwing nets {=f, !d}
Armour
 d - the +4 ring mail of Valiance {*Drain rElec rN+ Str+3 Dex+4}
   (You found it on level 1 of the Spider Nest)

   It affects your strength (+3).
   It affects your dexterity (+4).
   It insulates you from electricity.
   It protects you from negative energy.
   It causes draining when unequipped.
 g - the +2 hat of Fedhas's Esteem {rF+}
   (You found it on level 2 of the Orcish Mines)

   It protects you from fire.
 p - a +1 plate armour of fire resistance
   (You found it on level 9 of the Dungeon)
 y - a +2 pair of gloves of dexterity (worn)
   (You acquired it on level 4 of the Spider Nest)
 A - a +2 shield of cold resistance (worn)
   (You found it on level 4 of the Dungeon)
 I - a scarf of resistance (worn)
   (You found it on level 12 of the Dungeon)
 N - a +2 hat of see invisible (worn)
   (You took it off Gastronok on level 3 of the Lair of Beasts)
 P - a +0 pair of boots (worn)
   (You found it on level 3 of the Lair of Beasts)
 V - +0 swamp dragon scales (worn)
   (You found it on level 1 of the Swamp)
Jewellery
 v - an amulet of rage (around neck) {+Rage, !d}
   (You took it off a centaur warrior on level 12 of the Dungeon)
 C - a ring of protection from magic (left hand) {MR+, !d}
   (You found it on level 5 of the Dungeon)
 D - a +1 ring of protection (right hand)
   (You found it on level 4 of the Dungeon)
 H - an uncursed ring of flight {+Fly, !d}
   (You found it on level 8 of the Dungeon)
Wands
 s - a wand of iceblast (5/15)
   (You bought it in a shop on level 2 of the Orcish Mines)
 G - a wand of paralysis (17/24)
   (You found it on level 5 of the Dungeon)
Scrolls
 e - 7 scrolls of teleportation
 j - 4 scrolls of fog
 k - 2 scrolls of blinking {!r}
 q - 2 scrolls of magic mapping {!r}
 F - 3 scrolls of amnesia
 K - 12 scrolls of remove curse
 L - 4 scrolls of recharging
 R - 4 scrolls of enchant armour
 U - 4 scrolls of identify
Potions
 c - 3 potions of invisibility
 f - a potion of cancellation
 h - 2 potions of might
 i - 7 potions of curing
 n - 6 potions of ambrosia
 o - 2 potions of haste
 r - 7 potions of lignification {!q}
 t - 4 potions of heal wounds
 w - 2 potions of magic
 z - 5 potions of agility
 B - 4 potions of flight
 J - a potion of berserk rage {!q}
 M - 2 potions of resistance
 Q - 2 potions of brilliance
Miscellaneous
 W - a sack of spiders
Comestibles
 m - 27 royal jellies
 x - 18 meat rations {@e2}
 E - 45 fruits


   Skills:
 - Level 18.0 Fighting
 - Level 18.0 Axes
 - Level 12.2 Armour
 - Level 10.4 Dodging
 - Level 15.0 Shields
 - Level 13.4 Invocations
 + Level 9.3 Evocations


You had 17 spell levels left.
You didn't know any spells.

Dungeon Overview and Level Annotations

Branches:
Dungeon (15/15)            Temple (1/1) D:7            Lair (6/6) D:9
  Swamp (4/4) Lair:4       Spider (4/4) Lair:3        Slime (0/5) Lair:5
    Orc (2/2) D:11            Elf (1/3) Orc:2        Vaults (0/5) D:13
 Depths (0/5) D:15

Altars:
Ashenzari
Cheibriados
Dithmenos
Elyvilon
Fedhas
Gozag
Hepliaklqana
Kikubaaqudgha
Makhleb
Nemelex Xobeh
Okawaru
Qazlal
Ru
Sif Muna
Trog
Uskayaw
Vehumet
Wu Jian
Xom
Yredelemnul
Zin
The Shining One
Beogh
Jiyva

Shops:
D:5 %   D:15 !   Orc:2 }*[*

Portals:
Trove: D:11 (give +2 shadow dragon scales)

Annotations:
D:14 exclusion: Roxanne, Roxanne
Swamp:4 Lernaean hydra


Message History

The jumping spider dies!
You closely miss the redback. The redback barely misses you.
You slash the redback! You freeze the redback.
You kill the redback!
No target in view!
You see here a wolf spider corpse.
You see here a tarantella corpse.
You butcher the tarantella corpse.
l - 2 chunks of flesh {@w0} Eating one of 2 chunks of flesh {@w0}.
You eat one of the 2 chunks of flesh {@w0}.
You are feeling hungry.
You start resting.
Eating a chunk of flesh {@w0}.
You eat the chunk of flesh {@w0}.
A wolf spider and a redback come into view.
You regained 3 hp, and now have 121/154 hp.
You see here 15 stones.
An emperor scorpion comes into view.
The redback misses you. You block the redback's attack.
You slice the wolf spider!! You freeze the wolf spider!!
You closely miss the redback.
You hear an angry hiss.
You block the redback's attack. The wolf spider completely misses you.
You block the wolf spider's attack.
A jumping spider comes into view.
You slice the wolf spider!! You freeze the wolf spider.
You kill the wolf spider!
You slash the redback! You freeze the redback. You block the redback's attack.
Louis points at the redback and mumbles some strange words.
The stone arrow hits the redback.
The redback dies!
A moth of wrath comes into view.
The moth of wrath's fur bristles in rage as it notices you.
The emperor scorpion stings you! The emperor scorpion claws you.
The emperor scorpion claws you but does no damage.
The jumping spider leaps!
You take 12 damage, and have 111/154 hp.
You barely miss the emperor scorpion. The emperor scorpion stings you!!
The emperor scorpion completely misses you.
You block the emperor scorpion's attack.
You take 18 damage, and have 93/154 hp.
You barely miss the emperor scorpion. You slice the emperor scorpion!!
You freeze the emperor scorpion!
You block the emperor scorpion's attack. x2
The emperor scorpion completely misses you.
The jumping spider leaps!
Louis hits the emperor scorpion but does no damage.
You hit the emperor scorpion but do no damage.
The moth of wrath goads the emperor scorpion on!
The emperor scorpion goes berserk!
You block the emperor scorpion's attack.
The emperor scorpion barely misses you.
The emperor scorpion completely misses you.
You hit the emperor scorpion. You freeze the emperor scorpion.
Louis casts a spell at the emperor scorpion.
The stone arrow hits the emperor scorpion.
The jumping spider leaps!
The moth of wrath angrily waves its antennae.
The emperor scorpion stings Louis.
The emperor scorpion barely misses Louis.
The emperor scorpion closely misses Louis.
You catch the helpless emperor scorpion completely off-guard!
You hit the emperor scorpion but do no damage.
The emperor scorpion stings you!!
You block the emperor scorpion's attack. x2
Louis hits the emperor scorpion with a quarterstaff!
You take 20 damage, and have 74/154 hp.
Your swamp dragon scales prevents you from hitting the emperor scorpion.
You closely miss the jumping spider. The jumping spider pounces on you!
You are caught in a web!
The jumping spider barely misses you.
The emperor scorpion stings you but does no damage.
The emperor scorpion claws you. x2
You take 19 damage, and have 55/154 hp.
You struggle to detach yourself from the web.
The moth of wrath goads the jumping spider on!
The jumping spider goes berserk!
The jumping spider pounces on you but does no damage.
The jumping spider bites you but does no damage.
Louis hits the emperor scorpion but does no damage.
The emperor scorpion stings Louis!!!
The emperor scorpion barely misses Louis.
The emperor scorpion closely misses Louis.
You hear an angry hiss.
You struggle to detach yourself from the web.
The jumping spider pounces on you!
* * * LOW HITPOINT WARNING * * *
The jumping spider bites you.
* * * LOW HITPOINT WARNING * * *
The emperor scorpion stings Louis!
The emperor scorpion claws Louis!
Louis is destroyed!
The jumping spider pounces on you!!
* * * LOW HITPOINT WARNING * * *
The jumping spider bites you but does no damage.
The moth of wrath bites you but does no damage.
The emperor scorpion stings you but does no damage.
The emperor scorpion claws you.
* * * LOW HITPOINT WARNING * * *
The emperor scorpion claws you!
You die...

...... ...........
....s.....##
#..........###
#..........#.###
.......^^......#
..........s.s..#
#...††..y@...##
#..≈.........##
#.............##
##≈...†..(...^.#
##............##
#≈......#......#
##.#.....####...#
#####....#######^#
##.###........# #


You could see an emperor scorpion (berserk), a moth of wrath, a jumping spider
(berserk) and a tarantella.

Vanquished Creatures
  Arachne (Spider:3)
  Frances (Spider:1)
  Gastronok (Lair:3)
  Donald (Swamp:4)
  A ghost moth (Spider:3)
  An emperor scorpion (Spider:4)
  Aizul (Swamp:3)
  2 entropy weavers (Spider:2)
  Azrael (D:13)
  A spark wasp (Spider:3)
  The ghost of Tinos the Unseen, a journeyman SpEn of Dithmenos (Lair:6)
  Erolcha (Orc:1)
  14 hydras
  2 ghost crabs
  9 two-headed ogres
  An ogre mage (D:12)
  A dancing weapon (Orc:2)
  5 centaur warriors
  2 death yaks (D:9)
  6 alligators
  The ghost of katzbalger the Slicer, a novice KoHu of Okawaru (D:8)
  4 orc high priests (Orc:2)
  A spriggan (Lair:4)
  A deep elf knight (D:13)
  A skeletal warrior (D:13)
  3 unseen horrors
  6 swamp dragons
  A lindwurm (Lair:6)
  A shambling mangrove (Swamp:2)
  7 orc knights
  11 orb spiders
  A necromancer (D:15)
  2 orc sorcerers (D:15)
  19 wolf spiders
  5 deep elf magi
  2 ugly things (D:12)
  2 moths of wrath (Spider:2)
  4 cyclopes
  A black mamba (Lair:6)
  2 centaur zombies (D:11)
  7 elephants
  An ice statue (D:9)
  2 gargoyles
  15 spiny frogs
  7 centaur skeletons
  4 rime drakes
  6 demonic crawlers
  2 efreet (D:14)
  10 komodo dragons
  2 polar bears (D:15)
  2 meliai (Lair:6)
  15 jumping spiders
  4 hornets
  2 trolls
  A queen bee (Lair:6)
  2 tyrant leeches (Swamp:2)
  A harpy skeleton (D:14)
  Prince Ribbit (D:8)
  13 bog bodies
  19 slime creatures
  6 blink frogs
  5 hippogriffs
  4 dream sheep
  A hippogriff (shapeshifter) (D:15)
  3 centaur simulacra
  19 tarantellas
  33 redbacks
  30 yaks
  2 shadows
  2 wraiths
  2 wyverns
  3 fire elementals (D:13)
  5 basilisks
  3 water elementals (D:15)
  The ghost of Deathclocker the Skirmisher, an amateur MiFi (D:5)
  4 hungry ghosts
  20 vampire mosquitoes
  Grum (D:9)
  2 wargs (Orc:2)
  7 insubstantial wisps
  3 hell hounds (D:13)
  A soldier ant (D:13)
  12 swamp worms
  9 water moccasins
  5 porcupines
  9 swamp drakes
  27 orc warriors
  A hornet zombie (D:15)
  4 sky beasts
  A black bear (D:7)
  4 ice beasts
  The ghost of Deathclocker the Covered, an amateur MiFi (D:3)
  A phantom (D:8)
  8 ogres
  A boggart (D:13)
  5 wolves
  15 centaurs
  7 crocodiles
  5 big kobolds (D:13)
  7 bullfrogs
  A wyvern zombie (D:8)
  A hornet simulacrum (D:15)
  4 scorpions
  14 killer bees
  8 wights
  7 electric eels
  3 crimson imps
  2 bullfrog zombies
  7 jellies
  2 hounds (D:5)
  15 orc wizards
  23 orc priests
  An iguana (D:13)
  4 bullfrog skeletons
  A hell rat (Lair:6)
  6 worker ants
  2 hound zombies
  2 worker ant zombies
  2 gnolls (D:9)
  6 adders
  6 shadow imps
  3 white imps
  An ufetubus (D:15)
  An ooze (D:2)
  An adder skeleton (D:9)
  4 worms
  A dart slug (D:1)
  2 leopard geckos
  68 orcs
  7 bats
  4 giant cockroaches
  9 goblins
  18 hobgoblins
  11 jackals
  6 quokkas
  A ball python (D:7)
  3 frilled lizards
  17 kobolds
  2 leopard gecko skeletons
  2 rats (D:2)
  A butterfly (Lair:1)
  3 fungi
805 creatures vanquished.

Vanquished Creatures (collateral kills)
  An orc warlord (Orc:2)
  An emperor scorpion (Spider:4)
  8 hydras
  A catoblepas (Lair:6)
  Erica (D:9)
  4 alligators
  4 two-headed ogres
  A death yak (D:9)
  Urug (Orc:1)
  3 unseen horrors
  An orc knight (Orc:2)
  A wolf spider zombie (D:15)
  2 lindwurms (Lair:6)
  4 swamp dragons
  5 orb spiders
  2 deep elf magi
  5 wolf spiders
  An ugly thing (D:11)
  An orc sorcerer (Orc:2)
  2 manticores (Lair:6)
  A naga mage (D:15)
  5 elephants
  Psyche (D:8)
  2 torpor snails
  A gargoyle (D:14)
  6 spiny frogs
  A rime drake (Lair:6)
  A centaur skeleton (D:15)
  A komodo dragon (Lair:6)
  3 trolls
  5 demonic crawlers
  3 hornets
  A meliai (Lair:6)
  A polar bear (D:15)
  5 slime creatures
  16 jumping spiders
  3 bog bodies
  11 blink frogs
  4 dream sheep (Lair:6)
  2 hippogriffs
  2 centaur simulacra (D:15)
  2 wyverns
  13 yaks
  15 redbacks
  3 tarantellas
  2 basilisks
  2 vampire mosquitoes
  7 swamp worms
  6 insubstantial wisps
  A water moccasin (Lair:4)
  A hell hound (D:13)
  5 porcupines
  10 swamp drakes
  5 orc warriors (Orc:2)
  2 sky beasts
  A black bear (Lair:1)
  A meliai simulacrum (D:15)
  3 ogres
  3 wolves
  6 centaurs
  3 crocodiles
  3 big kobolds
  4 bullfrogs
  13 killer bees
  A howler monkey (D:13)
  2 wights (D:13)
  3 crimson imps
  3 centaur zombies
  3 hounds
  6 orc priests
  4 orc wizards
  A bullfrog skeleton (D:11)
  An iguana (D:7)
  An iron imp (Orc:2)
  3 worker ants
  A gnoll (D:9)
  3 adders
  3 shadow imps
  A leopard gecko (D:11)
  23 orcs
  A giant cockroach (D:4)
  A goblin (D:3)
  4 jackals (D:7)
  A quokka (D:7)
  A frilled lizard (D:5)
  A butterfly (Lair:1)
  2 fungi (Swamp:4)
  A plant (D:5)
306 creatures vanquished.

Vanquished Creatures (others)
  A hydra (D:11)
  A swamp worm (Swamp:4)
  17 battlemagi
  9 fungi
  8 plants
36 creatures vanquished.

Grand Total: 1147 creatures vanquished

Notes
Turn   | Place    | Note
-------+----------+-------------------------------------------
     0 | D:1      | MackTheKnife the Hill Orc Fighter began the quest for the Orb.
     0 | D:1      | Reached XP level 1. HP: 19/19 MP: 1/1
    91 | D:1      | Reached skill level 3 in Axes
   200 | D:1      | Reached XP level 2. HP: 25/26 MP: 2/2
   305 | D:1      | Reached skill level 4 in Axes
   593 | D:1      | Reached XP level 3. HP: 24/31 MP: 3/3
   785 | D:2      | Found a hide-covered altar of Uskayaw.
   964 | D:2      | Reached skill level 5 in Axes
  1158 | D:2      | Reached XP level 4. HP: 39/39 MP: 4/4
  1186 | D:2      | Found a shadowy altar of Dithmenos.
  1556 | D:2      | Reached skill level 6 in Axes
  1674 | D:3      | Found a hazy altar of Hepliaklqana.
  1684 | D:3      | Noticed a bullfrog
  1694 | D:3      | Killed a bullfrog
  1694 | D:3      | Reached skill level 7 in Axes
  1694 | D:3      | Reached XP level 5. HP: 43/45 MP: 5/5
  1698 | D:3      | Became a worshipper of Hepliaklqana the Forgotten
  1858 | D:3      | Noticed Deathclocker's ghost (amateur MiFi)
  1869 | D:3      | Killed Deathclocker's ghost
  1869 | D:3      | Reached skill level 8 in Axes
  1869 | D:3      | Reached XP level 6. HP: 31/45 MP: 6/6
  2548 | D:4      | Got a translucent war axe
  2593 | D:4      | Reached skill level 9 in Axes
  2759 | D:4      | Reached * piety under Hepliaklqana
  2785 | D:4      | Reached XP level 7. HP: 52/52 MP: 7/7
  2823 | D:4      | Reached skill level 4 in Fighting
  3060 | D:4      | Found a glowing silver altar of Zin.
  3061 | D:4      | Found an opulent altar of Gozag.
  3371 | D:4      | Found a sparkling altar of Nemelex Xobeh.
  3442 | D:4      | Reached skill level 5 in Fighting
  3442 | D:4      | Reached skill level 10 in Axes
  3665 | D:4      | Found an ornate altar of the Wu Jian Council.
  3860 | D:5      | Entered Level 5 of the Dungeon
  3942 | D:5      | Found a transporter.
  3989 | D:5      | Reached XP level 8. HP: 58/63 MP: 8/8
  3995 | D:5      | Found a burning altar of Makhleb.
  4020 | D:5      | Found a sacrificial altar of Ru.
  4080 | D:5      | Reached skill level 6 in Fighting
  4098 | D:5      | Noticed Deathclocker's ghost (amateur MiFi)
  4115 | D:5      | Killed Deathclocker's ghost
  4115 | D:5      | Reached skill level 11 in Axes
  4221 | D:5      | Found Poerof's Food Emporium.
  4385 | D:5      | Reached ** piety under Hepliaklqana
  4386 | D:5      | Remembered your ancestor Louis as a battlemage
  4397 | D:5      | Reached skill level 7 in Fighting
  4707 | D:5      | Identified the cursed +3 war axe of Defenestration {flame, rElec rF+} (You found it on level 4 of the Dungeon)
  4731 | D:5      | Found a transporter.
  4934 | D:6      | Reached skill level 8 in Fighting
  4981 | D:6      | Reached skill level 12 in Axes
  4981 | D:6      | Reached XP level 9. HP: 73/73 MP: 9/9
  5598 | D:7      | Identified Wauhihip's Papyrus of Harmful Air
  5714 | D:7      | Reached skill level 9 in Fighting
  5781 | D:7      | Reached *** piety under Hepliaklqana
  5976 | D:7      | Found a shattered altar of Ashenzari.
  6051 | D:7      | Found a staircase to the Ecumenical Temple.
  6057 | Temple   | Entered the Ecumenical Temple
  6165 | D:8      | Found a blossoming altar of Fedhas.
  6240 | D:8      | Reached skill level 13 in Axes
  6400 | D:8      | Noticed a two-headed ogre
  6406 | D:8      | Reached skill level 10 in Fighting
  6410 | D:8      | Killed a two-headed ogre
  6410 | D:8      | Reached XP level 10. HP: 25/84 MP: 10/10
  6691 | D:8      | Reached skill level 11 in Fighting
  6691 | D:8      | Reached skill level 14 in Axes
  6738 | D:8      | Noticed katzbalger's ghost (novice KoHu)
  6753 | D:8      | Killed katzbalger's ghost
  7064 | D:8      | Noticed Psyche
  7073 | D:8      | Killed Psyche
  7264 | D:8      | Found a snail-covered altar of Cheibriados.
  7287 | D:8      | Reached skill level 15 in Axes
  7393 | D:8      | Noticed a two-headed ogre
  7401 | D:8      | Killed a two-headed ogre
  7403 | D:8      | Reached skill level 16 in Axes
  7542 | D:8      | Noticed Prince Ribbit
  7549 | D:8      | Killed Prince Ribbit
  7551 | D:8      | Reached XP level 11. HP: 93/93 MP: 11/11
  7597 | D:8      | Found a bloodstained altar of Trog.
  7614 | D:8      | Reached skill level 4 in Armour
  7668 | D:8      | Reached skill level 4 in Shields
  7762 | D:9      | Found a shimmering altar of Xom.
  7765 | D:9      | Noticed Grum
  7783 | D:9      | Killed Grum
  7814 | D:9      | Noticed a death yak
  7831 | D:9      | Killed a death yak
  7831 | D:9      | Reached skill level 5 in Armour
  7831 | D:9      | Reached skill level 5 in Shields
  7833 | D:9      | Noticed a death yak
  7833 | D:9      | Noticed a death yak
  7854 | D:9      | Killed a death yak
  7854 | D:9      | Reached skill level 6 in Armour
  7866 | D:9      | Killed a death yak
  7866 | D:9      | Reached skill level 6 in Shields
  8064 | D:9      | Found a staircase to the Lair.
  8158 | D:9      | Noticed Erica
  8179 | D:9      | Killed Erica
  8179 | D:9      | Reached skill level 7 in Armour
  8179 | D:9      | Reached skill level 7 in Shields
  8180 | D:9      | Reached **** piety under Hepliaklqana
  8547 | D:10     | Entered Level 10 of the Dungeon
  8625 | D:10     | You fall through a shaft for 3 floors!
  8665 | D:13     | Killed an unseen horror
  8665 | D:13     | Reached skill level 8 in Armour
  8736 | D:13     | Noticed a cyclops
  8787 | D:12     | Reached skill level 8 in Shields
  8844 | D:11     | Noticed a cyclops
  8864 | D:12     | Noticed a brown ugly thing
  8872 | D:12     | Killed a brown ugly thing
  9000 | D:11     | Killed a cyclops
  9118 | D:11     | Reached XP level 12. HP: 99/99 MP: 12/12
  9195 | D:11     | Found a staircase to the Orcish Mines.
  9207 | D:11     | Found a portal to a secret trove of treasure.
  9315 | D:10     | Reached skill level 9 in Armour
  9639 | D:10     | Reached skill level 9 in Shields
  9709 | Lair:1   | Entered Level 1 of the Lair of Beasts
 10016 | Lair:1   | Reached skill level 10 in Shields
 10446 | Lair:1   | Reached skill level 1 in Invocations
 10450 | Lair:1   | Reached skill level 2 in Invocations
 10825 | Lair:1   | Reached skill level 3 in Invocations
 10830 | Lair:1   | Reached skill level 4 in Invocations
 11338 | Lair:2   | Reached skill level 5 in Invocations
 11429 | Lair:2   | Reached ***** piety under Hepliaklqana
 11473 | Lair:2   | Reached skill level 6 in Invocations
 11674 | Lair:2   | Reached skill level 7 in Invocations
 11742 | Lair:2   | Reached skill level 8 in Invocations
 11893 | Lair:2   | Reached skill level 9 in Invocations
 12088 | Lair:2   | Got a polished scale mail
 12099 | Lair:2   | Identified the cursed +0 scale mail of Wu Jian's Outrage {Regen+ Stlth+} (You found it on level 2 of the Lair of Beasts)
 12427 | Lair:3   | Found a hole to the Spider Nest.
 12431 | Lair:3   | Reached skill level 10 in Invocations
 12435 | Lair:3   | Reached XP level 13. HP: 101/105 MP: 17/20
 12462 | Lair:3   | Reached skill level 11 in Invocations
 12739 | Lair:3   | Noticed Gastronok
 12767 | Lair:3   | Killed Gastronok
 12767 | Lair:3   | Reached skill level 12 in Invocations
 13018 | Lair:3   | Reached skill level 13 in Invocations
 13706 | Lair:4   | Found a staircase to the Swamp.
 13723 | Lair:4   | Reached skill level 11 in Shields
 14575 | Lair:5   | Found a blossoming altar of Fedhas.
 14713 | Lair:5   | Reached skill level 12 in Shields
 15067 | Lair:5   | Found a viscous altar of Jiyva.
 15068 | Lair:5   | Found a staircase to the Slime Pits.
 15250 | Lair:6   | Entered Level 6 of the Lair of Beasts
 15334 | Lair:6   | Noticed Tinos's ghost (journeyman SpEn)
 15397 | Lair:6   | Killed Tinos's ghost
 15723 | Lair:6   | Reached skill level 13 in Shields
 15865 | Lair:6   | Reached XP level 14. HP: 42/112 MP: 24/24
 15885 | Lair:6   | HP: 28/112 [meliai/hand axe (1)]
 15911 | Lair:6   | HP: 28/112 [killer bee (2)]
 15918 | Lair:6   | HP: 27/112 [poisoned by a killer bee]
 15926 | Lair:6   | HP: 27/112 [poisoned by a killer bee]
 16435 | Lair:6   | Reached skill level 14 in Shields
 16869 | Lair:6   | Reached skill level 1 in Evocations
 16972 | Lair:6   | Reached skill level 2 in Evocations
 17004 | Lair:6   | Reached skill level 3 in Evocations
 17024 | Lair:6   | Reached skill level 15 in Shields
 17597 | Orc:1    | Entered Level 1 of the Orcish Mines
 17656 | Orc:1    | Noticed Urug
 17668 | Orc:1    | Killed Urug
 17668 | Orc:1    | Reached skill level 4 in Evocations
 17688 | Orc:1    | Noticed Erolcha
 17694 | Orc:1    | Killed Erolcha
 18010 | Orc:2    | Entered Level 2 of the Orcish Mines
 18084 | Orc:2    | Found a roughly hewn altar of Beogh.
 18258 | Orc:2    | Got an ancient hat
 18263 | Orc:2    | Identified the +2 hat of Fedhas's Esteem {rF+} (You found it on level 2 of the Orcish Mines)
 18927 | Orc:2    | Found a staircase to the Elven Halls.
 18940 | Orc:2    | Noticed an orc warlord
 19003 | Orc:2    | Killed an orc warlord
 19003 | Orc:2    | Reached skill level 17 in Axes
 19349 | Elf:1    | Entered Level 1 of the Elven Halls
 19438 | Orc:2    | HP: 25/112 [orc priest/divine providence (15)]
 20006 | Orc:2    | HP: 1/112 [orc knight/dire flail (33)]
 20421 | Orc:2    | Reached skill level 12 in Fighting
 20692 | Orc:2    | Reached XP level 15. HP: 95/118 MP: 25/25
 21374 | Orc:2    | Found Roclo's Antique Armour Emporium.
 21374 | Orc:2    | Found Sostayqu's Assorted Antiques.
 21375 | Orc:2    | Found Ethijar's Gadget Emporium.
 21375 | Orc:2    | Found Nucajule's Assorted Antiques.
 21386 | Orc:2    | Bought a lead wand for 136 gold pieces
 21387 | Orc:2    | Bought a runed peridot ring for 145 gold pieces
 21517 | D:11     | Reached skill level 18 in Axes
 21850 | D:11     | Reached skill level 13 in Fighting
 22483 | D:12     | Reached skill level 14 in Fighting
 23295 | D:13     | Noticed Azrael
 23311 | D:13     | Killed Azrael
 23330 | D:13     | Reached skill level 15 in Fighting
 23359 | D:13     | HP: 31/126 [centaur/arrow (6)]
 23364 | D:13     | HP: 27/126 [centaur (3)]
 23767 | D:13     | Found a gate to the Vaults.
 24488 | D:13     | Reached skill level 16 in Fighting
 24772 | D:14     | Reached XP level 16. HP: 96/136 MP: 26/26
 25232 | D:14     | Reached skill level 17 in Fighting
 25233 | D:14     | Noticed Roxanne
 25283 | D:14     | Found an ancient bone altar of Kikubaaqudgha.
 25367 | D:14     | Reached skill level 1 in Dodging
 25538 | D:15     | Entered Level 15 of the Dungeon
 25646 | D:15     | Found Abruysiu's Distillery.
 25654 | D:15     | Bought a potion of curing for 54 gold pieces
 25654 | D:15     | Bought a potion of heal wounds for 90 gold pieces
 25654 | D:15     | Bought a potion of resistance for 180 gold pieces
 25663 | D:15     | Reached skill level 2 in Dodging
 25863 | D:15     | Reached skill level 10 in Armour
 25910 | D:15     | Reached skill level 3 in Dodging
 26612 | D:15     | Reached skill level 4 in Dodging
 26613 | D:15     | Found a staircase to the Depths.
 26834 | Swamp:1  | Entered Level 1 of the Swamp
 27037 | Swamp:1  | HP: 32/139 [poisoned by a swamp dragon (poison gas)]
 27042 | Lair:4   | HP: 15/139 [poisoned by a swamp dragon (poison gas)]
 28098 | Swamp:2  | Reached skill level 5 in Dodging
 28321 | Swamp:2  | Reached skill level 6 in Dodging
 29131 | Swamp:3  | Reached skill level 7 in Dodging
 29610 | Swamp:3  | Reached XP level 17. HP: 140/144 MP: 27/27
 29843 | Swamp:3  | Noticed Aizul
 29856 | Swamp:3  | Killed Aizul
 29856 | Swamp:3  | Reached skill level 8 in Dodging
 30260 | Swamp:4  | Entered Level 4 of the Swamp
 30384 | Swamp:4  | Noticed Donald
 30399 | Swamp:4  | Reached skill level 9 in Dodging
 30413 | Swamp:4  | Killed Donald
 30721 | Swamp:4  | Noticed the 27-headed Lernaean hydra
 30732 | Swamp:4  | Got a decaying rune of Zot
 30775 | Swamp:4  | Reached skill level 10 in Dodging
 30844 | Swamp:4  | Got a silken robe
 31259 | Spider:1 | Entered Level 1 of the Spider Nest
 31319 | Spider:1 | Identified the cursed +0 robe of Melancholy {rCorr} (You found it on level 4 of the Swamp)
 31339 | Spider:1 | Noticed Frances
 31353 | Spider:1 | Killed Frances
 31371 | Spider:1 | Reached skill level 11 in Armour
 31835 | Spider:1 | Got a polished ring mail
 31836 | Spider:1 | Identified the +4 ring mail of Valiance {*Drain rElec rN+ Str+3 Dex+4} (You found it on level 1 of the Spider Nest)
 32185 | Spider:2 | Got an ancient robe
 32770 | Spider:2 | Reached skill level 12 in Armour
 32903 | Spider:2 | Reached XP level 18. HP: 76/153 MP: 28/28
 33001 | Spider:2 | Reached skill level 18 in Fighting
 33676 | Spider:3 | Reached skill level 5 in Evocations
 33987 | Spider:3 | Reached skill level 6 in Evocations
 33998 | Spider:3 | Noticed Arachne
 34020 | Spider:3 | Killed Arachne
 34091 | Spider:3 | Got a pair of brightly glowing boots
 34092 | Spider:3 | Identified the +0 pair of boots of Wyomp {Dex+5 Slay-2} (You found it on level 3 of the Spider Nest)
 34098 | Spider:3 | Reached skill level 7 in Evocations
 34587 | Spider:4 | Entered Level 4 of the Spider Nest
 34601 | Spider:4 | Reached skill level 8 in Evocations
 34716 | Spider:4 | Identified a scroll of acquirement
 35095 | Spider:4 | Reached skill level 9 in Evocations
 35151 | Spider:4 | HP: 36/154 [jumping spider (4)]
 35151 | Spider:4 | HP: 17/154 [jumping spider (19)]
 35151 | Spider:4 | Slain by an emperor scorpion

Vault maps used:
D:1:      minmay_arrival_wavy_path
D:2:      cheibrodos_greedy_goblins, lemuel_round_altar,
          eat_drink_and_be_merry_uskayaw, first_bread
D:3:      overflow_temple_1_default, serial_aquarium, aquarium_bridge_square,
          aquarium_window_fake, aquarium_window_2, aquarium_window_2,
          aquarium_view_2e, aquarium_view_2g, aquarium_pool_split
D:4:      marbit_many_paths, nemelex_xobeh_ov_fountains_minmay,
          grunt_temple_overflow_gold_and_silver
D:5:      gammafunk_wand_slinger, nicolae_ru_awakened_eye, serial_shops,
          kennysheep_mini_moat, makhleb_heckhound_becter
D:7:      old_standard_altar, minmay_temple_entry_fiery
D:8:      corexii_shack_village, lemuel_doored_altar, slow_altar_2, basic_altar,
          uniq_prince_ribbit1, uniq_psyche
D:9:      minmay_statue_hallways, dpeg_lair_monsters, basic_altar, uniq_erica,
          uniq_grum
D:11:     enter_trove_0, abandoned_shop, minmay_misc_feat_encased
D:13:     hangedman_vaults_entry_quadrant_bands, hangedman_ranch,
          minmay_misc_feat_tiny, minmay_misc_feat_x, uniq_azrael
D:14:     minmay_misc_feat_tower, minmay_liquid_box, lemuel_centaur_altar,
          uniq_roxanne
D:15:     grunt_enter_depths_magical_seal, serial_ice, serial_ice_d,
          serial_ice_m, serial_ice_f, serial_ice_e, serial_ice_o, serial_ice_g,
          serial_ice_k, serial_ice_n, serial_shops, shop, minivault_26
Temple:   zaba_magenta_temple
Lair:1:   statuecave_lemuel, infiniplex_staircase_pool_2, grunt_megastairs_4,
          lemuel_fruit_fields
Lair:2:   beast_lair_carwin_4
Lair:3:   nicolae_spider_entry_tight_spaces, st_stairs_11,
          serial_bayou_lagoon_b, serial_bayou_shore_a, uniq_gastronok
Lair:4:   swamp_mist_pool
Lair:5:   dpeg_slime_entry_enclosed_altar, basic_altar,
          minmay_stone_trees_small, kennysheep_basilisk_garden
Lair:6:   hangedman_lair_in_review, special_room, minivault_26
Swamp:1:  hangedman_swamp_ruin_hall
Swamp:2:  evilmike_swamp_ruin_house_3
Swamp:3:  hangedman_swamp_pad, swamp_pool5, uniq_aizul
Swamp:4:  grunt_swamp_rune_castle, swamp_pool2, uniq_donald
Spider:1: uniq_frances
Spider:3: guppyfry_spider_mini_2, uniq_arachne
Spider:4: grunt_spider_rune_circles
Orc:1:    uniq_urug, uniq_erolcha
Orc:2:    st_orc_pillars, basic_altar, hangedman_minor_magic
Elf:1:    serial_shops, nicolae_shop_crystal, minmay_elf_annihilation,
          st_stairs_6, spider_trap, nicolae_elf_v_pinch, minmay_shop_grove

Skill      XL: |  1  2  3  4  5  6  7  8  9 10 11 12 13 14 15 16 17 18 |
---------------+-------------------------------------------------------+-----
Axes           | 3 4 5 7 8 9 10 12 13 16 17 18 | 18.0
Fighting       | 5 8 10 11 12 16 17 18 | 18.0
Armour         | 8 9 10 12 | 12.2
Shields        | 8 10 13 15 | 15.0
Invocations    | 10 13 | 13.4
Evocations     | 4 9 |  9.3
Dodging        | 7 10 | 10.4

Action                   |  1- 3 |  4- 6 |  7- 9 | 10-12 | 13-15 | 16-18 || total
-------------------------+-------+-------+-------+-------+-------+-------++-------
Melee: War axe           |   132 |   151 |   228 |   414 |   417 |    63 ||  1405
       Broad axe         |       |       |       |       |   582 |   949 ||  1531
Invok: Ancestor Identity |       |     1 |       |       |       |       ||     1
       Ancestor Life: Ba |       |       |     1 |       |       |       ||     1
       Recall Ancestor   |       |       |       |     1 |       |     3 ||     4
       Transference      |       |       |       |     1 |    14 |     2 ||    17
       Idealise          |       |       |       |       |     6 |       ||     6
Evoke: Wand              |       |       |       |     3 |     3 |    13 ||    19
  Use: Scroll            |       |     4 |    11 |    10 |    14 |    17 ||    56
       Potion            |       |     1 |     1 |     2 |     3 |     1 ||     8
 Stab: Distracted        |       |       |     2 |     2 |    11 |    16 ||    31
       Paralysed         |       |       |       |     2 |       |     2 ||     4
       Invisible         |       |       |       |     2 |       |       ||     2
       Petrified         |       |       |       |       |     4 |       ||     4
  Eat: Chunk             |     1 |     4 |    12 |    10 |    12 |    11 ||    50
       Bread ration      |       |       |     1 |     2 |     6 |     2 ||    11
       Fruit             |       |       |       |       |     1 |       ||     1
       Meat ration       |       |       |       |       |       |     3 ||     3
Armor: Scale mail        |    20 |       |       |       |       |       ||    20
       Chain mail        |    96 |    80 |    68 |       |       |       ||   244
       Ring mail         |       |       |     9 |    12 |       |       ||    21
       Plate armour      |       |       |       |   102 |   298 |    99 ||   499
       Swamp dragon scal |       |       |       |       |       |   271 ||   271
Dodge: Dodged            |    37 |    32 |    37 |    47 |   130 |   398 ||   681
Block: Shield            |    93 |    74 |   120 |   186 |   522 |   719 ||  1714

Vault maps used:
D:1:      minmay_arrival_wavy_path
D:2:      cheibrodos_greedy_goblins, lemuel_round_altar,
          eat_drink_and_be_merry_uskayaw, first_bread
D:3:      overflow_temple_1_default, serial_aquarium, aquarium_bridge_square,
          aquarium_window_fake, aquarium_window_2, aquarium_window_2,
          aquarium_view_2e, aquarium_view_2g, aquarium_pool_split
D:4:      marbit_many_paths, nemelex_xobeh_ov_fountains_minmay,
          grunt_temple_overflow_gold_and_silver
D:5:      gammafunk_wand_slinger, nicolae_ru_awakened_eye, serial_shops,
          kennysheep_mini_moat, makhleb_heckhound_becter
D:7:      old_standard_altar, minmay_temple_entry_fiery
D:8:      corexii_shack_village, lemuel_doored_altar, slow_altar_2, basic_altar,
          uniq_prince_ribbit1, uniq_psyche
D:9:      minmay_statue_hallways, dpeg_lair_monsters, basic_altar, uniq_erica,
          uniq_grum
D:11:     enter_trove_0, abandoned_shop, minmay_misc_feat_encased
D:13:     hangedman_vaults_entry_quadrant_bands, hangedman_ranch,
          minmay_misc_feat_tiny, minmay_misc_feat_x, uniq_azrael
D:14:     minmay_misc_feat_tower, minmay_liquid_box, lemuel_centaur_altar,
          uniq_roxanne
D:15:     grunt_enter_depths_magical_seal, serial_ice, serial_ice_d,
          serial_ice_m, serial_ice_f, serial_ice_e, serial_ice_o, serial_ice_g,
          serial_ice_k, serial_ice_n, serial_shops, shop, minivault_26
Temple:   zaba_magenta_temple
Lair:1:   statuecave_lemuel, infiniplex_staircase_pool_2, grunt_megastairs_4,
          lemuel_fruit_fields
Lair:2:   beast_lair_carwin_4
Lair:3:   nicolae_spider_entry_tight_spaces, st_stairs_11,
          serial_bayou_lagoon_b, serial_bayou_shore_a, uniq_gastronok
Lair:4:   swamp_mist_pool
Lair:5:   dpeg_slime_entry_enclosed_altar, basic_altar,
          minmay_stone_trees_small, kennysheep_basilisk_garden
Lair:6:   hangedman_lair_in_review, special_room, minivault_26
Swamp:1:  hangedman_swamp_ruin_hall
Swamp:2:  evilmike_swamp_ruin_house_3
Swamp:3:  hangedman_swamp_pad, swamp_pool5, uniq_aizul
Swamp:4:  grunt_swamp_rune_castle, swamp_pool2, uniq_donald
Spider:1: uniq_frances
Spider:3: guppyfry_spider_mini_2, uniq_arachne
Spider:4: grunt_spider_rune_circles
Orc:1:    uniq_urug, uniq_erolcha
Orc:2:    st_orc_pillars, basic_altar, hangedman_minor_magic
Elf:1:    serial_shops, nicolae_shop_crystal, minmay_elf_annihilation,
          st_stairs_6, spider_trap, nicolae_elf_v_pinch, minmay_shop_grove

Table legend:
 A = Turns spent in this place as a percentage of turns spent in the entire game.
 B = Non-inter-level travel turns spent in this place as a percentage of non-inter-level travel turns spent in the entire game.
 C = Inter-level travel turns spent in this place as a percentage of turns spent in this place.
 D = Turns resting spent in this place as a percentage of non-inter-level travel turns spent in this place.
 E = Turns spent auto-exploring this place as a percentage of non-inter-level travel turns spent in this place.
 F = Non-inter-level travel turns spent in this place divided by the number of levels of this place that you've seen.
                   A       B       C       D       E      F
               +-------+-------+-------+-------+-------+----------------------
         Total | 100.0 | 100.0 |   0.5 |   3.0 |   6.9 | 303.8
       Dungeon |  40.3 |  40.3 |   0.5 |   2.5 |  10.5 | 269.3
        Temple |   0.1 |   0.1 |  12.5 |   0.0 |  85.7 |   7.0
          Lair |  21.1 |  21.1 |   0.6 |   3.5 |   4.6 | 352.5
         Swamp |  12.8 |  12.7 |   0.7 |   3.3 |   3.8 | 319.2
   Spider Nest |  11.9 |  11.9 |   0.3 |   3.8 |   6.2 | 298.5
  Orcish Mines |  13.9 |  13.9 |   0.6 |   2.7 |   2.9 | 695.5
   Elven Halls |   0.0 |   0.0 |   0.0 |   0.0 |   0.0 |   1.0
               +-------+-------+-------+-------+-------+----------------------

Table legend:
 A = Kills in this place as a percentage of kills in entire the game.
 B = Kills by you in this place as a percentage of kills by you in the entire game.
 C = Kills by friends in this place as a percentage of kills by friends in the entire game.
 D = Other kills in this place as a percentage of other kills in the entire game.
 E = Experience gained in this place as a percentage of experience gained in the entire game.
 F = Experience gained in this place divided by the number of levels of this place that you have seen.
                   A       B       C       D       E      F
               +-------+-------+-------+-------+-------+----------------------
         Total | 100.0 | 100.0 | 100.0 | 100.0 | 100.0 | 8460.0
       Dungeon |  43.8 |  48.2 |  32.1 |  50.0 |  29.6 | 5511.8
          Lair |  16.7 |  14.1 |  23.5 |   0.0 |  18.8 | 8744.3
         Swamp |  12.9 |  11.6 |  16.2 |  50.0 |  20.2 | 14128.2
   Spider Nest |  14.5 |  14.0 |  15.9 |   0.0 |  23.8 | 16603.8
  Orcish Mines |  12.1 |  12.1 |  12.3 |   0.0 |   7.6 | 10555.0
               +-------+-------+-------+-------+-------+----------------------
